[Event "ICCopen2017"]
[Site "Internet Chess Club"]
[Date "2017.03.25"]
[Round "3"]
[White "TricksOnly"]
[Black "Aladdin"]
[Result "0-1"]
[ICCResult "White forfeits on time"]
[WhiteElo "1895"]
[BlackElo "2324"]
[Opening "Four knights: Gunsberg variation"]
[ECO "C47"]
[NIC "KP.06"]
[Time "14:28:00"]
[TimeControl "180+0"]

1. e4 e5 2. Nf3 Nc6 3. Nc3 Nf6 4. a3 a6 5. d4 exd4 6. Nxd4 d6 7. Bf4 Be7 8.
Be2 O-O 9. Nxc6 bxc6 10. O-O Re8 11. Qd3 a5 12. Rfe1 Ba6 13. Qd2 Bxe2 14.
Rxe2 Nd7 15. Rd1 Bf6 16. b3 g6 17. Na2 Qc8 18. Nc1 Nc5 19. Rde1 Bg7 20. Nd3
Nxd3 21. Qxd3 a4 22. b4 Qb7 23. c4 Re6 24. h3 Rae8 25. Qc2 Qa6 26. Bc1 Bd4
27. Bb2 Bxb2 28. Qxb2 Qxc4 29. f3 f5 30. Rc1 Qb5 31. Rec2 fxe4 32. Rxc6 exf3
33. Rxc7 f2+ 34. Qxf2 Qf5 35. Qxf5 gxf5 36. Ra7 d5 37. Rxa4 d4 38. Rd1 Rd8
39. Rd3 Re3 40. Rxe3 dxe3 41. Kf1 Rd2 42. g3 Kf7 43. Ra6 Rb2 44. Ke1 h5 45.
h4 Ke7 46. Rh6 Ra2 47. Rxh5 Kf6 48. Rh8 Ke5 49. Re8+ Kd4 50. h5 Kd3 51. Rd8+
Ke4 52. h6 Kf3 53. h7 e2 54. h8=Q Rc2 55. Qh1+ Kg4 56. Kf2 e1=Q+ 57. Kxe1
Rc1+ 58. Kf2 Rxh1 59. Rd4+ Kg5 60. Rf4 Rh2+ 61. Ke3 Ra2 62. Kd4 Rxa3 63. Ke5
Ra1 64. Ke6 Re1+ 65. Kd5 Rb1 66. Kd4 Rd1+ 67. Ke3 Rb1 68. Kf2 Rb3 69. Kg2
Rb2+ 70. Kh3 Rb3 71. Rc4 Kf6 72. Rc5 Kg5 {White forfeits on time} 0-1

[Event "ICCopen2017"]
[Site "Internet Chess Club"]
[Date "2017.03.25"]
[Round "3"]
[White "AlonzoMosely"]
[Black "Red-white"]
[Result "0-1"]
[ICCResult "White resigns"]
[WhiteElo "2247"]
[BlackElo "3005"]
[Opening "Nimzo-Indian: classical variation"]
[ECO "E32"]
[NIC "NI.24"]
[Time "14:28:18"]
[TimeControl "180+0"]

1. d4 Nf6 2. c4 e6 3. Nc3 Bb4 4. Qc2 O-O 5. Nf3 d6 6. Bg5 h6 7. Bh4 Nbd7 8.
e3 b6 9. Be2 Bb7 10. O-O Bxc3 11. Qxc3 Ne4 12. Qc2 g5 13. Bg3 f5 14. Nd2
Ndf6 15. Nxe4 Nxe4 16. f3 Nxg3 17. hxg3 Qf6 18. Kf2 c5 19. Rad1 Rad8 20. Rh1
Kg7 21. Qc3 e5 22. d5 Bc8 23. Rh5 f4 24. Rdh1 fxg3+ 25. Kxg3 Rh8 26. Bd3
Rdf8 27. Bc2 Bd7 28. a3 Be8 29. R5h2 h5 30. Kf2 g4 31. Be4 h4 32. Ke2 g3 33.
Rh3 Bd7 34. Bc2 Bxh3 35. Rxh3 Rh6 36. Be4 Kh8 37. a4 Rf7 38. b3 a6 39. Kd2
Rb7 40. Kc2 Kg7 41. Bd3 Rh8 42. e4 Qf4 43. Qd2 Kf6 44. Qxf4+ exf4 45. Kc3
Ke5 46. Be2 Rbb8 47. Bd3 Kf6 48. Be2 Kg5 49. Bd3 Rb7 50. Be2 Rhb8 51. Bd3 b5
52. cxb5 axb5 53. Bxb5 Rxb5 54. axb5 Rxb5 55. Rh1 Ra5 56. Kc4 Ra2 57. Rg1
Rb2 58. Kb5 Kf6 59. Kc6 Ke5 60. Rh1 Rxg2 61. Rxh4 Rf2 62. Rh5+ Kd4 63. Kxd6
Rxf3 64. e5 g2 65. e6 g1=Q {White resigns} 0-1

[Event "ICCopen2017"]
[Site "Internet Chess Club"]
[Date "2017.03.25"]
[Round "3"]
[White "Step2Me"]
[Black "costaura"]
[Result "1-0"]
[ICCResult "Black forfeits on time"]
[WhiteElo "1358"]
[BlackElo "1518"]
[Opening "Alekhine's defense: Scandinavian variation"]
[ECO "B02"]
[NIC "AL.10"]
[Time "14:28:46"]
[TimeControl "180+0"]

1. e4 Nf6 2. Nc3 d5 3. exd5 Nxd5 4. d4 Nc6 5. Nf3 Bg4 6. Be2 Nxc3 7. bxc3
Qd5 8. Be3 O-O-O 9. Rb1 e6 10. O-O Bd6 11. Rb5 Qe4 12. Bd3 Bxf3 13. gxf3 Qh4
14. f4 g5 15. Qf3 gxf4 16. Bxf4 Rdg8+ 17. Kh1 Bxf4 18. h3 Rg6 19. Rfb1 Rhg8
20. Rh5 {Black forfeits on time} 1-0

[Event "ICCopen2017"]
[Site "Internet Chess Club"]
[Date "2017.03.25"]
[Round "3"]
[White "fishmaster"]
[Black "oscarshe"]
[Result "1-0"]
[ICCResult "Black forfeits on time"]
[WhiteElo "1731"]
[BlackElo "1344"]
[Opening "Sicilian: Nimzovich-Rossolimo attack (without ...d6)"]
[ECO "B30"]
[NIC "SI.31"]
[Time "14:28:38"]
[TimeControl "180+0"]

1. e4 c5 2. Nf3 Nc6 3. Bb5 d6 4. Bxc6+ bxc6 5. O-O Nf6 6. Re1 e5 7. d3 Be7
8. h3 O-O 9. Be3 Qc7 10. Nbd2 Be6 11. Nf1 d5 12. Ng3 d4 13. Bd2 Rab8 14. b3
a5 15. a4 Qd7 16. Ng5 h6 17. Nxe6 Qxe6 18. Nf5 Bd6 19. g4 Nh7 20. Qf3 Qf6
21. Qg3 Rfe8 22. Kh2 Qe6 23. g5 hxg5 24. Bxg5 Nxg5 25. Qxg5 g6 26. Nh6+ Kh7
27. Ng4 Be7 28. Qh6+ Kg8 29. Rg1 Bf8 30. Qh4 Be7 31. Qg3 Bf8 32. Qf3 Bg7 33.
Rg2 Kh7 34. Rag1 Rh8 35. Rg3 Kg8 36. Kg2 Rh5 37. Kf1 Kf8 38. Qg2 Ke7 39. Nh2
Rbh8 40. Nf3 Rxh3 41. Rxh3 Qxh3 42. Qxh3 Rxh3 43. Kg2 Rh8 44. Nd2 f5 45. Nc4
Ra8 46. Rh1 Kf6 47. f3 fxe4 48. fxe4 g5 49. Rf1+ Kg6 50. Rf5 Kh5 51. Nxe5
Bxe5 52. Rxe5 Kh4 53. Rxc5 g4 54. Rxc6 Rf8 55. Rh6+ Kg5 56. Rh7 Kf4 57. Rh1
Ke3 58. Rf1 {Black forfeits on time} 1-0

[Event "ICCopen2017"]
[Site "Internet Chess Club"]
[Date "2017.03.25"]
[Round "3"]
[White "muhit"]
[Black "veteranrus"]
[Result "0-1"]
[ICCResult "White forfeits on time"]
[WhiteElo "1808"]
[BlackElo "1786"]
[Opening "Benoni defense"]
[ECO "A61"]
[NIC "BI.38"]
[Time "14:28:32"]
[TimeControl "180+0"]

1. d4 Nf6 2. c4 c5 3. d5 e6 4. Nc3 exd5 5. cxd5 a6 6. a4 Bd6 7. e4 Qe7 8.
Bd3 Bc7 9. Nf3 d6 10. O-O Bg4 11. Bg5 Nbd7 12. h3 Bxf3 13. Qxf3 Ne5 14. Qe2
h6 15. Bh4 g5 16. Bg3 Ba5 17. f4 gxf4 18. Bxf4 Nfd7 19. Nd1 Nxd3 20. Qxd3
Ne5 21. Qb3 c4 22. Qc2 O-O-O 23. Be3 Kb8 24. b4 Bxb4 25. a5 Rc8 26. Nf2 Bc5
27. Bxc5 Rxc5 28. Rfb1 Rg8 29. Nd1 Qg5 30. Ra3 c3 31. Rab3 Nf3+ 32. Kf1 Nd2+
33. Ke1 Nxb3 34. Rxb3 Qg3+ 35. Kf1 Qf4+ 36. Kg1 Qd2 {White forfeits on time}
0-1

[Event "ICCopen2017"]
[Site "Internet Chess Club"]
[Date "2017.03.25"]
[Round "3"]
[White "GoyTurk"]
[Black "Lovelife"]
[Result "0-1"]
[ICCResult "White forfeits on time"]
[WhiteElo "1570"]
[BlackElo "1869"]
[Opening "QGD Slav: Tolush-Geller gambit"]
[ECO "D15"]
[NIC "SL.03"]
[Time "14:27:27"]
[TimeControl "180+0"]

1. d4 d5 2. Nf3 Nf6 3. c4 c6 4. Nc3 dxc4 5. e4 b5 6. e5 Nd5 7. a4 a6 8. axb5
Nxc3 9. bxc3 cxb5 10. Ng5 e6 11. Qf3 Ra7 12. Be2 h6 13. Ne4 Qd5 14. Qf4 g5
15. Nf6+ Kd8 16. Qg3 Qb7 17. Bf3 Qe7 18. d5 exd5 19. Nxd5 Qe6 20. O-O Bg7
21. Nf6 Bxf6 22. exf6 Nd7 23. Ba3 Qe5 24. Rad1 Qxg3 25. hxg3 Kc7 26. Be7 Bb7
27. Bg4 Ne5 28. Bd6+ Kb6 29. Bxe5 Raa8 30. Bd4+ Kc7 31. Rfe1 Rad8 32. Re7+
Kb8 33. Rde1 Rd6 34. Be5 Rd8 35. Rd1 Ka8 36. Rxd6 Rxd6 37. Bxd6 a5 38. Bc5
b4 39. Re8+ Bc8 40. Bxc8 Kb8 41. Ba6+ Kc7 42. cxb4 c3 43. bxa5 c2 44. Bb6+
Kd7 45. Re1 Kc6 46. Rc1 Kd5 47. Rxc2 Ke6 48. Bd8 h5 49. Bc4+ Kf5 50. Bxf7 h4
51. Rc5+ Ke4 52. Bg6+ Kd4 {White forfeits on time} 0-1

[Event "ICCopen2017"]
[Site "Internet Chess Club"]
[Date "2017.03.25"]
[Round "3"]
[White "Istrebitel"]
[Black "wagnerbi"]
[Result "0-1"]
[ICCResult "White checkmated"]
[WhiteElo "1634"]
[BlackElo "1999"]
[Opening "Robatsch defense: Pseudo-Austrian attack"]
[ECO "B07"]
[NIC "VO.17"]
[Time "14:28:16"]
[TimeControl "180+0"]

1. e4 d6 2. d4 g6 3. Nc3 Bg7 4. f4 e6 5. Nf3 Ne7 6. Be3 b6 7. Bd3 Bb7 8. Qd2
Nd7 9. O-O-O c5 10. Kb1 a6 11. g4 b5 12. dxc5 Nxc5 13. Bxc5 dxc5 14. Rhe1 c4
15. Bf1 Qxd2 16. Rxd2 Bc6 17. Nd4 Bd7 18. Red1 O-O-O 19. e5 Nd5 20. Nxd5
exd5 21. h3 h5 22. Be2 hxg4 23. hxg4 g5 24. fxg5 Bxe5 25. Nf5 Be6 26. Bf3
Bf4 27. Rd4 Bxg5 28. a3 Bf6 29. R4d2 c3 30. bxc3 Bxc3 31. Rd3 d4 32. Nxd4
Bxd4 33. Rxd4 Rxd4 34. Rxd4 Rh3 35. Bd1 Rxa3 36. Kb2 Ra2+ 37. Kb1 Ra3 38.
Kb2 Rg3 39. Rf4 Kc7 40. Rd4 Kc6 41. Be2 Kc5 42. Rf4 a5 43. Re4 a4 44. Rf4
a3+ 45. Ka1 b4 46. Rf1 Rg2 47. Bd3 Kd4 48. Rf4+ Kc3 49. Rf1 Rxc2 50. Bxc2
Kxc2 51. Rf2+ Kc3 52. Rf3+ Kc4 53. Rf4+ Kc5 54. g5 b3 55. Rf3 Bd5 56. Re3
Kd4 57. Rg3 b2+ 58. Kb1 Be4+ 59. Ka2 b1=Q+ 60. Kxa3 Bd3 61. Rg4+ Kc3 62. Ka4
Qb5+ 63. Ka3 Qb3# {White checkmated} 0-1

[Event "ICCopen2017"]
[Site "Internet Chess Club"]
[Date "2017.03.25"]
[Round "3"]
[White "alsaimer"]
[Black "Kjaan1974"]
[Result "0-1"]
[ICCResult "White resigns"]
[WhiteElo "997"]
[BlackElo "1385"]
[Opening "King's pawn game"]
[ECO "C50"]
[NIC "IG.03"]
[Time "14:29:15"]
[TimeControl "180+0"]

1. e4 e5 2. Nf3 Nc6 3. Bc4 h6 4. O-O Nf6 5. d3 Be7 6. c3 a6 7. Be3 d6 8.
Nbd2 b5 9. Bd5 Nxd5 10. exd5 Na5 11. b4 Nb7 12. a4 bxa4 13. Rxa4 O-O 14. c4
f5 15. b5 f4 16. Rxa6 Rxa6 17. bxa6 Na5 18. Ba7 c5 19. d4 Bf5 20. Nb3 Nxc4
21. Qc1 Nb6 22. Bxb6 Qxb6 23. Qb2 cxd4 24. Nh4 Be4 25. f3 Bxd5 26. Nf5 Bf6
27. g4 Bxb3 28. Qa3 d3+ 29. Kg2 d2 30. Qxd6 d1=Q 31. Rxd1 Qa5 32. Rf1 Rd8
33. Ne7+ Kh7 34. Nf5 Rxd6 35. Nxd6 Qd2+ 36. Kg1 Qxd6 {White resigns} 0-1

[Event "ICCopen2017"]
[Site "Internet Chess Club"]
[Date "2017.03.25"]
[Round "3"]
[White "primerpaso"]
[Black "sanka"]
[Result "1-0"]
[ICCResult "Black forfeits on time"]
[WhiteElo "1567"]
[BlackElo "1283"]
[Opening "English: symmetrical variation"]
[ECO "A34"]
[NIC "EO.64"]
[Time "14:28:19"]
[TimeControl "180+0"]

1. c4 c5 2. Nc3 Nf6 3. g3 Nc6 4. Bg2 e5 5. e3 d6 6. Nge2 Be6 7. Nd5 Bxd5 8.
cxd5 Ne7 9. O-O Nexd5 10. Qb3 Nc7 11. Qxb7 Nd7 12. d4 Rb8 13. Qxa7 Be7 14.
b3 O-O 15. Bb2 Nb5 16. Qa4 Qb6 17. dxe5 Nxe5 18. Rfd1 Rfc8 19. Nf4 Nc7 20.
Qe4 Qb4 21. Qc2 c4 22. Bc3 cxb3 23. axb3 Qxb3 24. Qxb3 Rxb3 25. Bd4 Nb5 26.
Nd5 Bf8 27. Bxe5 dxe5 28. Nb6 Rb8 29. Nd7 Rc8 30. Nxe5 Rbc3 31. Nd7 g6 32.
Nxf8 Kxf8 33. Rdb1 {Black forfeits on time} 1-0

[Event "ICCopen2017"]
[Site "Internet Chess Club"]
[Date "2017.03.25"]
[Round "3"]
[White "yachikoham"]
[Black "A4-H5"]
[Result "0-1"]
[ICCResult "White forfeits on time"]
[WhiteElo "1346"]
[BlackElo "1809"]
[Opening "Sicilian defense"]
[ECO "B33"]
[NIC "SI.32"]
[Time "14:29:05"]
[TimeControl "180+0"]

1. e4 c5 2. Nf3 Nc6 3. d4 cxd4 4. Nxd4 Nf6 5. f3 g6 6. Be3 Bg7 7. Bc4 O-O 8.
O-O Qb6 9. Nc3 Ng4 10. Nd5 Nxe3 11. Nxb6 Nxd1 12. Nxc6 bxc6 13. Nxa8 Ne3 14.
Bd3 Nxf1 15. Rxf1 Bxb2 16. Nc7 Bd4+ 17. Kh1 a5 18. Na6 Bb7 19. Rb1 Bc8 20.
g4 Kg7 21. Kg2 g5 22. Nc7 d6 23. Rf1 Bb6 24. Na6 e5 25. h4 h6 26. hxg5 hxg5
27. Rh1 Rh8 28. Rh5 Rxh5 29. gxh5 Kh6 {White forfeits on time} 0-1

[Event "ICCopen2017"]
[Site "Internet Chess Club"]
[Date "2017.03.25"]
[Round "3"]
[White "skakmat"]
[Black "PeytonManning"]
[Result "1-0"]
[ICCResult "Black checkmated"]
[WhiteElo "1682"]
[BlackElo "1940"]
[Opening "French: exchange variation"]
[ECO "C01"]
[NIC "FR.01"]
[Time "14:28:43"]
[TimeControl "180+0"]

1. e4 e6 2. d4 d5 3. exd5 exd5 4. Bd3 Nf6 5. Nf3 c5 6. c3 Nc6 7. O-O c4 8.
Bc2 Bd6 9. Re1+ Be7 10. Bg5 O-O 11. Nbd2 h6 12. Bh4 Be6 13. Bg3 Re8 14. Ne5
Rc8 15. h3 b5 16. a3 Qb6 17. Qf3 Nxe5 18. Bxe5 a5 19. Nf1 b4 20. axb4 axb4
21. Ng3 Ra8 22. Rxa8 Rxa8 23. Nf5 Bxf5 24. Qxf5 g6 25. Qf4 b3 26. Bb1 Kg7
27. Bc7 Nh5 28. Qh2 Qc6 29. Rxe7 Ra1 30. Qe5+ Nf6 31. Qe1 Ne4 32. Be5+ Kh7
33. Rxf7+ Kg8 34. Rg7+ Kf8 35. f3 Ng5 36. h4 Ne6 37. Rxg6 Kf7 38. Rf6+ Ke7
39. Kh2 Qa6 40. Qg3 Rxb1 41. Qg6 Rxb2 42. Qf7+ Kd8 43. Rxe6 Qb5 44. Bf6+ Kc8
45. Re8+ Qxe8 46. Qxe8+ Kc7 47. Qe7+ Kb6 48. Qc5+ Ka6 49. Bd8 Kb7 50. Qb6+
Ka8 51. Bc7 Rxg2+ 52. Kxg2 b2 53. Qb8# {Black checkmated} 1-0

[Event "ICCopen2017"]
[Site "Internet Chess Club"]
[Date "2017.03.25"]
[Round "3"]
[White "fisek2007"]
[Black "Sophiste"]
[Result "1-0"]
[ICCResult "Black checkmated"]
[WhiteElo "2343"]
[BlackElo "3237"]
[Opening "Queen's Indian accelerated"]
[ECO "A50"]
[NIC "QP.07"]
[Time "14:28:29"]
[TimeControl "180+0"]

1. d4 Nf6 2. c4 b6 3. Nc3 Bb7 4. Bg5 g6 5. Bxf6 exf6 6. e4 Bg7 7. Nf3 O-O 8.
Be2 Re8 9. Qc2 Nc6 10. O-O f5 11. e5 d6 12. exd6 Nxd4 13. Nxd4 Bxd4 14. Rad1
Qg5 15. g3 c5 16. Nb5 Be5 17. f4 Bxf4 18. Rxf4 Rad8 19. Qd2 Re6 20. Bf3 Bxf3
21. Rxf3 Qg4 22. Rf4 Qh5 23. Re1 Rxe1+ 24. Qxe1 a6 25. Qe7 Rf8 26. Nc3 h6
27. d7 Qg5 28. Nd5 Kg7 29. Kg2 Qxe7 30. Nxe7 Rd8 31. Rf2 Rxd7 32. Nd5 b5 33.
b3 bxc4 34. bxc4 Rb7 35. Rc2 g5 36. Kf3 Kg6 37. Ke3 h5 38. Kd3 Rb1 39. Kc3
a5 40. Rb2 Rc1+ 41. Kb3 Rh1 42. Ka4 f4 43. gxf4 g4 44. Kxa5 h4 45. Kb5 Kf5
46. a4 g3 47. hxg3 hxg3 48. Rg2 Kg4 49. a5 Ra1 50. a6 Kf3 51. Rb2 g2 52.
Rxg2 Kxg2 53. Nb6 Kf3 54. Na4 Rb1+ 55. Kxc5 Rb8 56. Nb6 Kxf4 57. a7 Rd8 58.
a8=Q Rxa8 59. Nxa8 Ke4 60. Nc7 f5 61. Nd5 Ke5 62. Kc6 Ke6 63. c5 Ke5 64. Ne7
f4 65. Ng6+ Kf5 66. Nxf4 Kxf4 67. Kd7 Ke4 68. c6 Kd5 69. c7 Kc5 70. c8=Q+
Kb6 71. Qc6+ Ka7 72. Qb5 Ka8 73. Kc7 Ka7 74. Qb7# {Black checkmated} 1-0

[Event "ICCopen2017"]
[Site "Internet Chess Club"]
[Date "2017.03.25"]
[Round "3"]
[White "Vertdeces"]
[Black "marianzaim"]
[Result "0-1"]
[ICCResult "White checkmated"]
[WhiteElo "1617"]
[BlackElo "1909"]
[Opening "Sicilian defense"]
[ECO "B40"]
[NIC "SI.43"]
[Time "14:28:10"]
[TimeControl "180+0"]

1. e4 c5 2. Nf3 e6 3. c3 Nf6 4. e5 Nd5 5. d4 cxd4 6. cxd4 d6 7. exd6 Bxd6 8.
Bd3 O-O 9. O-O Be7 10. Nc3 Nc6 11. Re1 b6 12. Be4 Bb7 13. Qb3 Nf6 14. Bxc6
Bxc6 15. Ne5 Bb7 16. Be3 Nd5 17. Rac1 Nxe3 18. fxe3 Bf6 19. Ng4 Bg5 20. Nb5
a6 21. Nc7 Rb8 22. Ne5 b5 23. Rf1 Qd6 24. Rc5 Bd8 25. Nxf7 Rxf7 26. Nxe6
Rxf1+ 27. Kxf1 Kh8 28. Ng5 Bxg5 29. Ke2 Bf6 30. Qf7 Rf8 31. Qxb7 Qxh2 32.
Rc7 Qg3 33. Rf7 Re8 34. e4 Qxg2+ 35. Kd3 Qf3+ 36. Kd2 Qf4+ 37. Kd3 h6 38.
Qd7 Qxe4+ 39. Kc3 Qxd4+ 40. Qxd4 Bxd4+ 41. Kxd4 Kg8 42. Rf3 Re6 43. Kd5 Rg6
44. Kc5 h5 45. Rh3 Rh6 46. Rh4 g5 47. Rh2 g4 48. Kd5 h4 49. Ke4 g3 50. Rg2
Rf6 51. Ke5 Kf7 52. Ke4 Rf2 53. Ke3 Rxg2 54. Kf3 Rxb2 55. Kg4 Rxa2 56. Kxh4
g2 57. Kh3 g1=Q 58. Kh4 Rh2# {White checkmated} 0-1

[Event "ICCopen2017"]
[Site "Internet Chess Club"]
[Date "2017.03.25"]
[Round "3"]
[White "Papasha"]
[Black "Eigeneier"]
[Result "1-0"]
[ICCResult "Black forfeits on time"]
[WhiteElo "2522"]
[BlackElo "1878"]
[Opening "Sicilian: Scheveningen, Keres attack"]
[ECO "B81"]
[NIC "SI.20"]
[Time "14:28:56"]
[TimeControl "180+0"]

1. e4 c5 2. Nf3 e6 3. d4 cxd4 4. Nxd4 Nf6 5. Nc3 d6 6. g4 h6 7. Bg2 e5 8.
Nf5 g6 9. Ne3 Be6 10. Ncd5 Nc6 11. c3 Bxd5 12. exd5 Ne7 13. h4 Bg7 14. h5
Qd7 15. hxg6 fxg6 16. Bh3 g5 17. Bg2 Ng6 18. Nf5 Nf4 19. Bxf4 gxf4 20. Qe2
O-O-O 21. Be4 Kb8 22. f3 h5 23. g5 Ne8 24. O-O-O Bf8 25. Kb1 Ng7 26. Nh6 Rc8
27. Rdg1 Be7 28. Bg6 Bxg5 29. Nf7 Rhg8 30. Rxg5 Ne8 31. Rhg1 Rxg6 32. Rxg6
Qxf7 33. Qd3 a6 34. c4 Ka7 35. b3 Rc7 36. Rg8 Qd7 37. Rh8 b6 38. Rxh5 Kb7
39. Rh8 Nf6 40. Rg6 e4 41. fxe4 Ne8 42. Rgg8 Ng7 43. Rb8+
{Black forfeits on time}
1-0

[Event "ICCopen2017"]
[Site "Internet Chess Club"]
[Date "2017.03.25"]
[Round "3"]
[White "DroolingBaby"]
[Black "Kalmyk"]
[Result "1/2-1/2"]
[ICCResult "Black ran out of time and White has no material to mate"]
[WhiteElo "2237"]
[BlackElo "2894"]
[Opening "Nimzo-Indian: Reshevsky variation"]
[ECO "E46"]
[NIC "NI.10"]
[Time "14:28:03"]
[TimeControl "180+0"]

1. d4 Nf6 2. c4 e6 3. Nc3 Bb4 4. e3 O-O 5. Ne2 d5 6. a3 Be7 7. cxd5 exd5 8.
g3 c6 9. Bg2 a5 10. O-O Na6 11. Qc2 Re8 12. Nf4 Nc7 13. Bd2 Bd6 14. f3 c5
15. Rae1 Bxf4 16. gxf4 cxd4 17. exd4 Bd7 18. Re5 Bc6 19. Rfe1 Nd7 20. Rxe8+
Nxe8 21. f5 Qf6 22. f4 Nd6 23. Qd3 Nxf5 24. Nxd5 Bxd5 25. Bxd5 g6 26. Bxb7
Rb8 27. Be4 Nd6 28. Bc3 Qxf4 29. Bc6 Nf6 30. Qe3 Qf5 31. Rf1 Qg4+ 32. Kh1
Nf5 33. Qf3 Qh4 34. d5 Ng4 35. Qg2 Nfe3 36. Qg3 Qxg3 37. hxg3 Nxf1 38. d6
Nxg3+ 39. Kg2 Nf5 40. d7 Ne7 41. Ba4 f6 42. Kf3 Ne5+ 43. Ke4 Rd8 44. Bxe5
fxe5 45. Kxe5 Kf8 46. Kd6 Nf5+ 47. Kc7 Ke7 48. b4 axb4 49. axb4 Nd4 50. b5
Ne6+ 51. Kb6 Rxd7 52. Ka5 Rd6 53. b6 Nc5 54. Kb5 Nb7 55. Ka6 Nd8 56. Ka7 Rd4
57. Bb5 Rb4 58. Ba6 Rxb6 59. Kxb6 g5 60. Bb7 Ne6 61. Bg2 Kf6 62. Bh1 Nf4 63.
Kc6 g4 64. Kc5 g3 65. Kd4 Kg5 66. Bf3 h5 67. Ke3 h4 68. Bh1 h3 69. Kf3 g2
70. Bxg2 hxg2 71. Kf2 Kf5 72. Kg1 Ke4 73. Kh2 Ke3 74. Kg1 Ke2 75. Kh2 Kf3
76. Kg1 Ne2+ 77. Kh2 {Black ran out of time and White has no material to
mate} 1/2-1/2

[Event "ICCopen2017"]
[Site "Internet Chess Club"]
[Date "2017.03.25"]
[Round "3"]
[White "Nos"]
[Black "Kastor"]
[Result "0-1"]
[ICCResult "White checkmated"]
[WhiteElo "2152"]
[BlackElo "2782"]
[Opening "Sicilian"]
[ECO "B50"]
[NIC "SI.01"]
[Time "14:28:19"]
[TimeControl "180+0"]

1. e4 c5 2. Nf3 d6 3. g3 Nc6 4. Bg2 Nf6 5. d3 g6 6. O-O Bg7 7. Nbd2 O-O 8.
a4 e5 9. Nc4 h6 10. Ne3 Re8 11. c3 Rb8 12. Nd2 a6 13. Qc2 b5 14. axb5 axb5
15. Nd5 Nxd5 16. exd5 Ne7 17. c4 Nf5 18. Nf3 g5 19. Be3 bxc4 20. dxc4 e4 21.
Nd2 Nxe3 22. fxe3 Rxb2 23. Qc1 f5 24. Ra7 Rb7 25. Rxb7 Bxb7 26. Rxf5 Qe7 27.
Nxe4 Bc8 28. Rf1 g4 29. Kh1 h5 30. Qd2 Bd7 31. Qf2 Rf8 32. Qe2 Bh6 33. Rxf8+
Qxf8 34. Qf1 Ba4 35. Qxf8+ Kxf8 36. Nxd6 Bxe3 37. Nf5 Bg5 38. Be4 Bd1 39.
Bd3 Kf7 40. Kg2 Kf6 41. Kf2 Ke5 42. Ng7 h4 43. gxh4 Bxh4+ 44. Ke3 Bg5+ 45.
Kf2 Bf4 46. Kg1 Be3+ 47. Kg2 Bf3+ 48. Kf1 Bf4 49. Kg1 Bg5 50. Ne6 Be7 51.
Kf2 Bd1 52. Be2 Bb3 53. Bxg4 Bxc4 54. Bf3 Bd3 55. Nxc5 Bxc5+ 56. Kg3 Kf5 57.
h4 Bd6+ 58. Kh3 Kf4 59. Bg2 Bf5+ 60. Kh2 Ke3+ 61. Kg1 Ke2 62. h5 Bc5+ 63.
Kh2 Kf2 64. h6 Bd6+ 65. Kh1 Bg6 66. Bh3 Be4+ 67. Bg2 Bxg2# {White
checkmated} 0-1

[Event "ICCopen2017"]
[Site "Internet Chess Club"]
[Date "2017.03.25"]
[Round "3"]
[White "joppie"]
[Black "demchog97"]
[Result "0-1"]
[ICCResult "White forfeits on time"]
[WhiteElo "1619"]
[BlackElo "1989"]
[Opening "QGD Slav/Grünfeld: Schlechter variation"]
[ECO "D90"]
[NIC "GI.03"]
[Time "14:28:46"]
[TimeControl "180+0"]

1. d4 Nf6 2. c4 g6 3. Nc3 d5 4. Nf3 c6 5. Bg5 Bg7 6. e3 O-O 7. cxd5 cxd5 8.
Be2 Nc6 9. O-O a6 10. a3 Bg4 11. b4 Rc8 12. Rc1 h6 13. Bh4 e6 14. Na4 g5 15.
Bg3 Ne4 16. Nc5 Nxg3 17. hxg3 Qe7 18. Qd2 f5 19. Nd3 Bxf3 20. Bxf3 g4 21.
Be2 h5 22. Nf4 Qf7 23. b5 axb5 24. Bxb5 Bh6 25. Nd3 Bg7 26. Rc2 Na7 27. Ba4
b5 28. Bb3 Rxc2 29. Qxc2 Rc8 30. Qd2 Bf6 31. Rc1 Qd7 32. Nc5 Qc6 33. Qa5 Rc7
34. Qd2 h4 35. gxh4 Bxh4 36. Qb4 g3 37. f3 Bg5 38. Qc3 e5 39. Re1 Qh6 40.
Bxd5+ Kh8 41. dxe5 Qh2+ 42. Kf1 Qh1+ 43. Ke2 Qxg2+ 44. Kd1 Qa2 45. e6+ Kh7
{White forfeits on time}
0-1

[Event "ICCopen2017"]
[Site "Internet Chess Club"]
[Date "2017.03.25"]
[Round "3"]
[White "Rari"]
[Black "cloak1"]
[Result "0-1"]
[ICCResult "White forfeits on time"]
[WhiteElo "1642"]
[BlackElo "1851"]
[Opening "Robatsch (modern) defense"]
[ECO "B06"]
[NIC "KF.06"]
[Time "14:28:29"]
[TimeControl "180+0"]

1. e4 g6 2. h4 h6 3. h5 g5 4. d4 Bg7 5. f4 c5 6. e5 cxd4 7. Nf3 Nc6 8. Nxd4
Qb6 9. Nf5 Bf8 10. Nc3 e6 11. Nd6+ Bxd6 12. Qxd6 Nge7 13. fxg5 Nf5 14. Qd3
hxg5 15. Qe2 Ncd4 16. Qd1 d6 17. Bd3 dxe5 18. Bxf5 exf5 19. Bxg5 Qxb2 20.
Nd5 Nxc2+ 21. Kf1 Qb5+ 22. Kg1 Qc5+ 23. Kh2 Be6 24. Nf6+ Kf8 25. Rc1 Rc8 26.
h6 Qc7 27. Rxc2 Qe7 28. Rxc8+ Bxc8 29. Nh7+ Rxh7 30. Bxe7+ Kxe7 31. Kg1 Be6
32. Qb1 Kf6 33. Qxb7 Kg6 34. Qxa7 f4 35. Qf2 Kf6 36. Qh4+ Kf5 37. Qh5+ Ke4
38. g4 Kd5 39. g5 Ke4 40. g6 fxg6 41. Qxg6+ Bf5 42. Qc6+ Ke3 43. Kg2 Ke2 44.
Kh2 Kd2 45. Rc1 Ke2 46. Qc3 Kf2 {White forfeits on time} 0-1

[Event "ICCopen2017"]
[Site "Internet Chess Club"]
[Date "2017.03.25"]
[Round "3"]
[White "GreyWarden"]
[Black "kolding"]
[Result "1-0"]
[ICCResult "Black forfeits on time"]
[WhiteElo "1985"]
[BlackElo "1623"]
[Opening "Ruy Lopez: Berlin defense, Beverwijk variation"]
[ECO "C65"]
[NIC "RL.07"]
[Time "14:28:46"]
[TimeControl "180+0"]

1. e4 e5 2. Nf3 Nc6 3. Bb5 Nf6 4. O-O Bc5 5. c3 d6 6. d4 exd4 7. cxd4 Bb6 8.
Nc3 a6 9. Ba4 O-O 10. h3 Qe7 11. Re1 Rd8 12. Bg5 h6 13. Bh4 g5 14. Bg3 Nh5
15. Bh2 Nf4 16. Qd2 Ng6 17. Nd5 Qf8 18. Rac1 Be6 19. Nxb6 cxb6 20. Bxc6 bxc6
21. Rxc6 Rab8 22. d5 Bd7 23. Rxd6 Bb5 24. Rxd8 Rxd8 25. Nd4 Bd7 26. Bc7 Rc8
27. Bxb6 Qg7 28. Rc1 Rxc1+ 29. Qxc1 Ne5 30. Qc7 g4 31. Qd8+ Kh7 32. h4 g3
33. Nf5 Bxf5 34. exf5 gxf2+ 35. Bxf2 Ng4 36. Qb6 Qe5 37. d6 Qh2+ 38. Kf1
Qh1+ 39. Ke2 Qxg2 40. Qd4 Nxf2 41. Qxf2 Qe4+ 42. Kd1 Qd5+ 43. Qd2 Qh1+ 44.
Kc2 Qe4+ 45. Qd3 Qc6+ 46. Qc3 Qxd6 47. a3 Qh2+ 48. Kb3 Qxh4 49. Ka2 Qd8 50.
Qe5 Qd7 51. Kb3 Qb7+ 52. Kc2 Qd7 53. Kb1 Qd1+ 54. Ka2 Qd7 55. Qf6 Qd5+ 56.
b3 Qd2+ 57. Ka1 Qc1+ 58. Ka2 Qc2+ 59. Ka1 Qc1+ 60. Ka2 Qc2+ 61. Qb2 Qxf5 62.
Qe2 h5 63. a4 h4 64. Qxa6 Qf2+ 65. Ka3 h3 66. Qd3+ f5 67. Qxh3+ Kg6 68. Qc3
{Black forfeits on time}
1-0

[Event "ICCopen2017"]
[Site "Internet Chess Club"]
[Date "2017.03.25"]
[Round "3"]
[White "chess222"]
[Black "Sellect"]
[Result "1-0"]
[ICCResult "Black forfeits on time"]
[WhiteElo "1852"]
[BlackElo "1489"]
[Opening "Sicilian"]
[ECO "B50"]
[NIC "SI.01"]
[Time "14:28:10"]
[TimeControl "180+0"]

1. e4 c5 2. Nf3 d6 3. c3 Nf6 4. d3 Qc7 5. Nbd2 e6 6. Be2 b5 7. O-O Bb7 8.
Re1 Be7 9. Nf1 Nbd7 10. Ng3 O-O 11. Bg5 Rfe8 12. Qd2 Rad8 13. Rad1 d5 14.
Qc1 dxe4 15. dxe4 Nxe4 16. Bxe7 Rxe7 17. Bxb5 Nxg3 18. hxg3 Nf6 19. Rxd8+
Qxd8 20. Rd1 Qb6 21. Bd3 h6 22. b3 Rd7 23. c4 Qc6 24. Qc2 Rd4 25. Ne1 Qd6
26. Be2 Rxd1 27. Bxd1 Be4 28. Qe2 h5 29. Bc2 Qd4 30. Bxe4 Qxe4 31. Qd2 g6
32. f3 Qe5 33. Kf2 Kg7 34. Nd3 Qd4+ 35. Ke2 h4 36. g4 h3 37. gxh3 Nd7 38.
Nf4 Qe5+ 39. Kf2 Nf6 40. Qe3 Qb2+ 41. Kg3 Qxa2 42. Qxc5 Qxb3 43. Qd4 Qb1 44.
g5 Qe1+ 45. Kg2 e5 46. gxf6+ Kxf6 47. Qd6+ Kf5 48. Nd3 Qd2+ 49. Kf1 Qd1+ 50.
Kg2 Qd2+ 51. Kf1 Qd1+ 52. Kf2 Qd2+ 53. Kg3 Qg5+ 54. Kh2 Qd2+ 55. Kg3 Qg5+
56. Kf2 Qf4 57. Kf1 Qe3 58. Nxe5 Qxe5 59. Qd8 {Black forfeits on time} 1-0